 Dungeon Crawl Stone Soup version 0.31-a0-848-gaac375c287 (webtiles) character file.

Game seed: 5681231924526520028

91 Kurtz the Sneak (level 4, -4/35 HPs)
             Began as a Mummy Delver on Oct 4, 2023.
             Splashed by a jelly's acid (7 damage)
             ... on level 4 of the Dungeon.
             The game lasted 00:00:39 (257 turns).

Kurtz the Sneak (Mummy Delver)                       Turns: 257, Time: 00:00:40

Health: -4/35      AC: -2    Str: 17    XL:     4   Next: 33%
Magic:  4/4        EV: 11    Int:  9    God:
Gold:   11         SH:  0    Dex: 19    Spells: 3/3 levels left

rFire   x . .        g - +2 hand axe (heavy)
rCold   + . .        (no shield)
rNeg    + + +        j - +0 ring mail
rPois   ∞            (no helmet)
rElec   .            (no cloak)
rCorr   .            (no gloves)
SInv    .            i - +0 pair of boots
Will    .....        (no amulet)
Stlth   ++           h - +6 ring of dexterity
HPRegen 0.25/turn    (no ring)
MPRegen 0.09/turn

%: faith
@: corroded
A: cold resistance 1, negative energy resistance 3, torment resistance 2, heat
vulnerability 1, in touch with death 1, no potions, faith
a: no special abilities


You were on level 4 of the Dungeon.
You visited 1 branch of the dungeon, and saw 2 of its levels.

You collected 11 gold pieces.

Inventory:

Hand Weapons
 a - a +0 mace
 g - a +2 heavy hand axe (weapon)
Armour
 b - a +0 leather armour
 i - a +0 pair of boots (worn)
 j - a +0 ring mail (worn)
Jewellery
 h - a +6 ring of dexterity (left hand)
 k - a +5 ring of evasion
Wands
 f - a wand of digging (3)
Scrolls
 c - a scroll of fog
 d - a scroll of revelation
 e - a scroll of fear


   Skills:
 - Level 3.0 Fighting
 * Level 3.3(3.5) Axes
 - Level 1.5(2.6) Maces & Flails
 - Level 1.5 Dodging
 - Level 4.1 Stealth


You had 3 spell levels left.
You didn't know any spells.
Your spell library was empty.

Dungeon Overview and Level Annotations

Branches:
Dungeon (5/15)
 Temple: D:4-7

Altars:


Innate Abilities, Weirdness & Mutations

You are immune to poison.
Your flesh is cold resistant. (rC+)
You are immune to negative energy. (rN+++)
You are immune to unholy pain and torment.
You are vulnerable to heat. (rF-)
You are in touch with the powers of death.
You do not drink.
You have a special connection with the divine. (Faith)


Message History

You see here a +0 ring mail.
j - a +0 ring mail You start removing your armour.
You continue taking off your +0 leather armour. x4
You finish taking off your +0 leather armour.
You start putting on your armour.
You continue putting on your +0 ring mail. x5
You finish putting on your +0 ring mail.
Unknown command.
Found a stone staircase leading up.
The adder hisses angrily.
You miss the adder. The adder bites you.
The adder bites you but does no damage.
You slash the adder!
You kill the adder!
No target in view!
No target in view!
k - a +5 ring of evasion A jelly comes into view.
The jelly quivers.
The jelly hits you but does no damage.
You slash the jelly! The acid corrodes you!
Your hands burn!
The jelly is severely wounded.
The jelly hits you.
You are splashed with acid!
The jelly hits you.
You are splashed with acid!
You are too injured to fight recklessly!
You are too injured to fight recklessly!
Unknown command.
You hit the jelly.
Your hands burn!
* * * LOW HITPOINT WARNING * * *
The jelly is almost dead.
The jelly closely misses you.
Unknown command.
You hit the jelly but do no damage. The acid corrodes you!
Your hands burn!
* * * LOW HITPOINT WARNING * * *
The jelly is almost dead.
The jelly hits you.
* * * LOW HITPOINT WARNING * * *
You are splashed with acid!
You die...

#.#.# #.#.# ##. #.#.# ..
#.#.# #. #.#.# ##^#
##.#.#
#...##########.#....#
###.#..J...............#
.......@# #.##......##..
#####.#.# #.###...(###..
# #.###..###..###..[
#.#.....######....
#.#.#....# #.....
#........# #.....
####....######....
#...###..###...
##.###....###..


You could see a jelly.

Vanquished Creatures
  A phantom (D:4)
  2 adders (D:4)
  A ball python (D:4)
4 creatures vanquished.

Notes
Turn   | Place    | Note
-------+----------+-------------------------------------------
     0 | D:5      | Kurtz the Mummy Delver began the quest for the Orb.
     0 | D:5      | Reached XP level 1. HP: 18/18 MP: 1/1
    55 | D:5      | Noticed an ogre
    64 | D:4      | Noticed a phantom
    86 | D:4      | Reached skill level 1 in Axes
    86 | D:4      | Reached XP level 2. HP: 24/24 MP: 2/2
    92 | D:4      | Killed a phantom
    93 | D:4      | Reached XP level 3. HP: 19/29 MP: 3/3
    93 | D:4      | Reached XP level 4. HP: 24/35 MP: 4/4
   257 | D:4      | Splashed by a jelly's acid

Illustrated notes

Levels and vault maps discovered:
D:4:      layout_loops_ring, mainiacjoe_overflow_alcove_4,
          grunt_temple_overflow_open, minivault_19
D:5:      layout_cave_pools, chei_slow_surprise

Skill      XL: |  1  2 |
---------------+-------+-----
Axes           | 1 3 |  3.3
Fighting       | |  3.0
Maces & Flails | |  1.5
Dodging        | |  1.5
Stealth        | |  4.1

Action                     |  1- 3 |  4- 6 || total
---------------------------+-------+-------++-------
  Melee: Hand axe          |     5 |     9 ||    14
 Armour: Leather armour    |     4 |     4 ||     8
         Ring mail         |       |     6 ||     6
  Dodge: Dodged            |     6 |     4 ||    10

Table legend: (Time is in decaauts)
 A = Elapsed time spent in this place.
 B = Non-inter-level travel time spent in this place.
 C = Inter-level travel time spent in this place.
 D = Time resting spent in this place.
 E = Time spent auto-exploring this place.
 F = Levels seen in this place.
 G = Mean time per level.
                   A        B        C        D        E       F      G
               +--------+--------+--------+--------+--------+-----+--------+
         Total |    265 |    264 |      1 |      0 |    156 |   2 |  132.5 |
       Dungeon |    265 |    264 |      1 |      0 |    156 |   2 |  132.5 |
               +--------+--------+--------+--------+--------+-----+--------+

Top non-repeatable levels by time:
     D:4: 207 daAuts
     D:5: 57 daAuts
